 Dungeon Crawl Stone Soup version 0.21-a0-59-g7b0e191 (webtiles) character file.

117 Duffy the Skirmisher (level 5, 0/33 HPs)
             Began as a Gargoyle Fighter on June 16, 2017.
             Killed by nerve-wracking pain
             ... invoked by an orc priest
              (2 damage)
             ... on level 3 of the Dungeon.
             The game lasted 00:01:27 (1697 turns).

Duffy the Skirmisher (Gargoyle Fighter)             Turns: 1697, Time: 00:01:27

Health: 0/33       AC: 11    Str: 21    XL:     5   Next: 1%
Magic:  5/5        EV:  7    Int:  8    God:
Gold:   111        SH:  9    Dex:  9    Spells: 4/4 levels left

rFire    . . .     SeeInvis .   a - +0 war axe
rCold    . . .     Gourm    .   c - +0 shield
rNeg     + . .     Faith    .   b - +0 scale mail
rPois    ∞         Spirit   .   (no helmet)
rElec    +         Reflect  .   (no cloak)
rCorr    .         Harm     .   (no gloves)
MR       .....                  (no boots)
Stlth    ..........             (no amulet)
HPRegen  0.11/turn              (no ring)
MPRegen  0.09/turn              (no ring)

@: no status effects
A: negative energy resistance 1, electricity resistance, unbreathing,
petrification resistance, rot immunity, AC +4
a: no special abilities


You were on level 3 of the Dungeon.
You were not hungry.

You visited 1 branch of the dungeon, and saw 3 of its levels.

You collected 111 gold pieces.

Inventory:

Hand Weapons
 a - a +0 war axe (weapon)
Armour
 b - a +0 scale mail (worn)
 c - a +0 shield (worn)
Scrolls
 g - a scroll of random uselessness {unknown}
 h - a scroll of remove curse {unknown}
 i - 2 scrolls of enchant armour {unknown}
 k - 4 scrolls of identify {unknown}
 p - a scroll of recharging {unknown}
 r - a scroll of magic mapping {unknown}
Potions
 d - 4 potions of might
 e - 2 potions of curing {unknown}
 j - a potion of invisibility {unknown}
 l - 3 potions of heal wounds {unknown}
 m - a potion of magic {unknown}
 o - a potion of haste {unknown}
 s - a potion of ambrosia {unknown}
Comestibles
 f - 3 bread rations
 n - 5 chunks of flesh
 q - a royal jelly


   Skills:
 + Level 4.0 Fighting
 * Level 3.2 Axes
 + Level 3.8 Armour
 + Level 4.0 Shields


You had 4 spell levels left.
You didn't know any spells.

Dungeon Overview and Level Annotations

Branches:
Dungeon (3/15)

Altars:
Gozag
Vehumet


Innate Abilities, Weirdness & Mutations

You are resistant to torment.
Your stone body is resilient. (AC +4)
You are immune to poison.
You resist negative energy. (rN+)
You are resistant to electric shocks. (rElec)
You can survive without breathing.
You are immune to petrification.
You are immune to rotting.


Message History

Your Shields skill increases to level 4!
You have reached level 5!
You hit the orc priest. The orc priest hits you with a club.
Things that are here:
a trident; a leather armour; an orc corpse You barely miss the orc priest.
The orc priest is lightly wounded.
The orc priest begins to cast a cantrip, but forgets the words!
You block the orc priest's attack.
You hit the orc priest but do no damage.
The orc priest is lightly wounded.
The orc priest hits you but does no damage.
You hit the orc priest but do no damage.
The orc priest is lightly wounded.
You block the orc priest's attack.
Your shield prevents you from hitting the orc priest.
The orc priest is lightly wounded.
The orc priest invokes the aid of Beogh against you.
Pain shoots through your body!
You die...

#.. #.. #.. #.. #.. #
#.. #. #..
#..################..
#...@........[.......
#...o)[..............
#....................
#####################
. .. ... ...


You could see an orc priest.

Vanquished Creatures
  An orc priest (D:3)
  Terence (D:3)
  2 adders (D:2)
  A worm (D:2)
  3 orcs (D:3)
  2 giant cockroaches (D:1)
  6 goblins
  6 hobgoblins
  5 kobolds
  3 bats
  5 frilled lizards
  5 rats
40 creatures vanquished.

Notes
Turn   | Place    | Note
-------+----------+-------------------------------------------
     0 | D:1      | Duffy the Gargoyle Fighter began the quest for the Orb.
     0 | D:1      | Reached XP level 1. HP: 14/14 MP: 1/1
   276 | D:1      | You fall through a shaft!
   281 | D:2      | Reached XP level 2. HP: 19/19 MP: 2/2
   928 | D:2      | Reached XP level 3. HP: 21/23 MP: 3/3
   979 | D:2      | Found an opulent altar of Gozag.
  1462 | D:2      | Found a radiant altar of Vehumet.
  1575 | D:3      | Noticed Terence
  1593 | D:3      | Killed Terence
  1593 | D:3      | Reached XP level 4. HP: 26/29 MP: 4/4
  1692 | D:3      | Reached XP level 5. HP: 3/33 MP: 5/5
  1697 | D:3      | Killed from afar by an orc priest

Vault maps used:
D:1:      ncdulo_smallfort, serial_bayou_lagoon_a
D:2:      nicolae_overflow_hidden_temple, first_bread,
          nicolae_gozag_seed_capital
D:3:      uniq_terence

Skill      XL: |  1  2  3  4 |
---------------+-------------+-----
Axes           | 2 3 |  3.2
Fighting       | 4 |  4.0
Shields        | 4 |  4.0
Armour         | |  3.8

Action                   |  1- 3 |  4- 6 || total
-------------------------+-------+-------++-------
Melee: War axe           |   162 |    23 ||   185
  Eat: Chunk             |     2 |     1 ||     3
Armor: Scale mail        |   104 |     7 ||   111
Dodge: Dodged            |    46 |    10 ||    56
Block: Shield            |    71 |    20 ||    91
